 Dungeon Crawl Stone Soup version 0.25-a0-341-g6f074c887a (webtiles) character file.

Game seed: 4252354788381035311, levelgen mode: deterministic

729804 mopl the Executioner (level 27, -5/396 HPs)
             Began as a Hill Orc Monk on Dec 21, 2019.
             Was the Champion of Beogh.
             Slain by an Orb Guardian (16 damage)
             ... on level 5 of the Realm of Zot on Dec 30, 2019.
             The game lasted 03:00:52 (72525 turns).

mopl the Executioner (Hill Orc Monk)               Turns: 72525, Time: 03:00:53

Health: -5/396     AC: 48    Str: 44    XL:     27
Magic:  39/39      EV: 21    Int: 12    God:    Beogh [******]
Gold:   4436       SH:  0    Dex: 21    Spells: 18/31 levels left

rFire    + + .     SeeInvis +   a - +5 battleaxe of Butchery {flame, Str+3 SInv}
rCold    + . .     Gourm    .   (shield currently unavailable)
rNeg     + . .     Faith    .   U - +11 crystal plate armour
rPois    +         Spirit   .   M - -2 hat of the Alchemist {rElec rPois rF+ rC+ rN+ MR+ rMut rCorr}
rElec    +         Reflect  .   y - +1 cloak of Xiko {*Drain rElec Str+8}
rCorr    +         Harm     .   X - +2 pair of gloves of Wegoib {Str+3}
rMut     +                      N - +1 pair of boots {Fly}
MR       ++++.                  P - amulet "Niaser" {Regen+ Int+2}
Stlth    ..........             e - ring "Labluofer" {rF+ Dex+6}
HPRegen  1.16/turn              C - ring of protection from magic
MPRegen  0.26/turn

@: berserking, slowed, studying 2 skills
A: walk on water
}: 4/15 runes: barnacled, slimy, silver, gossamer
a: Smiting, Recall Orcish Followers, Give Item to Named Follower, Resurrection,
Renounce Religion, Evoke Flight


You were on level 5 of the Realm of Zot.
You worshipped Beogh.
Beogh was exalted by your worship.
You were not hungry.

You visited 11 branches of the dungeon, and saw 57 of its levels.
You visited 1 bazaar.
You also visited: Trove, Ice Cave and Volcano.

You collected 9732 gold pieces.
You spent 5296 gold pieces at shops.

Inventory:

Hand Weapons
 a - the +5 battleaxe of Butchery (weapon) {flame, Str+3 SInv}
   (You acquired it on level 13 of the Dungeon)

   It has been specially enchanted to burn those struck by it, causing extra
   injury to most foes and up to half again as much damage against particularly
   susceptible opponents.
   Big, fiery blades are also staple armaments of hydra-hunters.
   It affects your strength (+3).
   It lets you see invisible.
 b - a +9 executioner's axe of electrocution
Missiles
 d - 111 boomerangs (quivered)
 w - 12 atropa-tipped darts
 x - 15 throwing nets
 z - 74 javelins
Armour
 y - the +1 cloak of Xiko (worn) {*Drain rElec Str+8}
   (You found it on level 2 of the Spider Nest)

   It affects your strength (+8).
   It insulates you from electricity.
   It causes draining when unequipped.
 M - the -2 hat of the Alchemist (worn) {rElec rPois rF+ rC+ rN+ MR+ rMut rCorr}
   (You found it on level 14 of the Dungeon)

   It protects you from fire.
   It protects you from cold.
   It insulates you from electricity.
   It protects you from poison.
   It protects you from negative energy.
   It affects your resistance to hostile enchantments.
   It provides partial protection from all sources of acid and corrosion.
   It protects you from mutation.
 N - a +1 pair of boots of flying (worn)
 U - a +11 crystal plate armour (worn)
 X - the +2 pair of gloves of Wegoib (worn) {Str+3}
   (You found it on level 12 of the Dungeon)

   It affects your strength (+3).
Jewellery
 e - the ring "Labluofer" (left hand) {rF+ Dex+6}
   (You found it on level 4 of the Realm of Zot)

   [ring of protection from fire]

   It affects your dexterity (+6).
   It protects you from fire.
 C - a ring of protection from magic (right hand)
 P - the amulet "Niaser" (around neck) {Regen+ Int+2}
   (You found it on level 2 of the Depths)

   [amulet of regeneration]

   It affects your intelligence (+2).
   It increases your rate of regeneration.
 Y - the ring of Gaxiur {rC+ rN+ Str+2}
   (You found it on level 5 of the Depths)

   [ring of protection from cold]

   It affects your strength (+2).
   It protects you from cold.
   It protects you from negative energy.
Wands
 g - a wand of digging (16)
 k - a wand of acid (17)
 I - a wand of iceblast (61)
 J - a wand of paralysis (33)
 O - a wand of enslavement (49)
 R - a wand of scattershot (17)
 T - a wand of clouds (9)
Scrolls
 f - 32 scrolls of teleportation
 o - 7 scrolls of fear
 r - 28 scrolls of remove curse
 t - 10 scrolls of magic mapping
 B - 9 scrolls of fog
 F - 7 scrolls of vulnerability
 H - a scroll of summoning
 K - 3 scrolls of silence {!r}
 W - 8 scrolls of blinking
Potions
 h - 4 potions of might
 l - 19 potions of curing
 m - 3 potions of berserk rage {!q}
 s - 16 potions of lignification {!q}
 u - 3 potions of resistance
 v - 5 potions of magic
 A - 3 potions of invisibility
 D - 8 potions of agility
 E - 5 potions of heal wounds
 Q - 8 potions of haste
 S - 7 potions of ambrosia
 V - 3 potions of cancellation
Books
 n - a manual of Throwing
 L - a manual of Crossbows
Miscellaneous
 i - a lamp of fire
 j - a phial of floods
 p - a fan of gales
 q - a lightning rod (4/4)
 G - 5 sacks of spiders
 Z - 5 boxes of beasts
Comestibles
 c - 76 rations


   Skills:
 + Level 24.9 Fighting
 + Level 25.7 Axes
 + Level 2.4 Crossbows
 + Level 15.3 Throwing
 + Level 24.3 Armour
 + Level 16.2 Dodging
 - Level 1.5 Stealth
 + Level 2.8 Spellcasting
 - Level 6.0 Charms
 + Level 3.6 Summonings
 + Level 3.5 Necromancy
 + Level 8.6 Translocations
 + Level 2.7 Transmutations
 + Level 2.9 Air Magic
 - Level 3.0 Earth Magic
 + Level 24.9 Invocations
 - Level 15.0 Evocations


You had 18 spell levels left.
You knew the following spells:

 Your Spells              Type           Power        Failure   Level  Hunger
a - Apportation           Tloc           ###...       2%          1    #......
b - Summon Butterflies    Summ           ##......     22%         1    #......
c - Song of Slaying       Chrm           ###.....     12%         2    ###....
d - Passwall              Tmut/Erth      #.......     41%         2    ###....
e - Blink                 Tloc           N/A          4%          2    ###....
n - Swiftness             Chrm/Air       ##......     22%         2    ###....
r - Regeneration          Chrm/Necr      ##........   38%         3    ###....

Your spell library contained the following spells:

 Spells                   Type           Power        Failure   Level  Hunger
 Shroud of Golubria       Chrm/Tloc      ###...       7%          2    ###....
 Infusion                 Chrm           ###.         9%          1    #......
 Gell's Gravitas          Tloc           ###.......   9%          3    ###....
 Lesser Beckoning         Tloc           ###.......   9%          3    ###....
 Teleport Other           Tloc           ###.....     9%          3    ###....
 Animate Skeleton         Necr           N/A          22%         1    #......
 Pain                     Necr           ##..         22%         1    #......
 Summon Small Mammal      Summ           ##..         22%         1    #......
 Recall                   Summ/Tloc      N/A          22%         3    ###....
 Passage of Golubria      Tloc           N/A          26%         4    #####..
 Sandblast                Erth           #.....       28%         1    #......
 Beastly Appendage        Tmut           #.....       30%         1    #......
 Call Imp                 Summ           ##......     32%         2    ###....
 Sublimation of Blood     Necr           ##........   34%         2    ###....
 Corpse Rot               Necr/Air       N/A          36%         2    ###....
 Sticks to Snakes         Tmut           #.......     43%         2    ###....
 Portal Projectile        Hex/Tloc       ##....       43%         3    ###....
 Shock                    Conj/Air       #...         45%         1    #......
 Sting                    Tmut/Pois      #...         47%         1    #......
 Call Canine Familiar     Summ           ##......     54%         3    ###....
 Vampiric Draining        Necr           ##........   56%         3    ###....
 Ozocubu's Armour         Chrm/Ice       #.......     63%         3    ###....
 Confusing Touch          Hex            #.....       67%         1    #......
 Corona                   Hex            #......      67%         1    #......
 Foxfire                  Conj/Fire      #...         67%         1    #......
 Magic Dart               Conj           #...         67%         1    #......
 Ensorcelled Hibernation  Hex/Ice        #.....       82%         2    ###....
 Searing Ray              Conj           #.....       82%         2    ###....
 Slow                     Hex            #.......     82%         2    ###....
 Static Discharge         Conj/Air       #.......     83%         3    ###....
 Stone Arrow              Conj/Erth      #.....       83%         3    ###....
 Spider Form              Tmut/Pois      #.........   85%         3    ###....
 Iskenderun's Mystic Bla  Conj/Tloc      ##......     85%         4    #####..
 Mephitic Cloud           Conj/Pois/Air  #.......     88%         3    ###....
 Ignite Poison            Fire/Tmut/Pois #.......     89%         3    ###....
 Animate Dead             Necr           N/A          92%         4    #####..
 Summon Lightning Spire   Summ/Air       #.......     94%         4    #####..
 Airstrike                Air            #.........   95%         4    #####..
 Confuse                  Hex            #.......     96%         3    ###....
 Conjure Flame            Conj/Fire      #.......     96%         3    ###....
 Dazzling Flash           Conj/Hex       #.....       96%         3    ###....
 Inner Flame              Hex/Fire       #.......     96%         3    ###....
 Tukima's Dance           Hex            #.......     96%         3    ###....
 Petrify                  Tmut/Erth      #.......     96%         4    #####..
 Excruciating Wounds      Chrm/Necr      ##........   98%         5    ######.
 Ice Form                 Ice/Tmut       #.......     99%         4    #####..
 Leda's Liquefaction      Hex/Erth       #.........   99%         4    #####..
 Summon Ice Beast         Ice/Summ       #.......     99%         4    #####..
 Agony                    Necr           ##......     99%         5    ######.
 Dispel Undead            Necr           ##......     99%         5    ######.
 Cause Fear               Hex            #.........   100%        4    #####..
 Fulminant Prism          Conj/Hex       #.........   100%        4    #####..
 Olgreb's Toxic Radiance  Pois           #.......     100%        4    #####..
 Alistair's Intoxication  Tmut/Pois      #.......     100%        5    ######.
 Blade Hands              Tmut           #.........   100%        5    ######.
 Bolt of Magma            Conj/Fire/Erth #.........   100%        5    ######.
 Borgnjor's Vile Clutch   Necr/Erth      #.........   100%        5    ######.
 Fireball                 Conj/Fire      #.........   100%        5    ######.
 Irradiate                Conj/Tmut      #.........   100%        5    ######.
 Iskenderun's Battlesphe  Conj/Chrm      #.......     100%        5    ######.
 Lee's Rapid Deconstruct  Erth           #.........   100%        5    ######.
 Lightning Bolt           Conj/Air       #.........   100%        5    ######.
 Metabolic Englaciation   Hex/Ice        #.........   100%        5    ######.
 Silence                  Hex/Air        #.........   100%        5    ######.
 Summon Mana Viper        Hex/Summ       #.......     100%        5    ######.
 Yara's Violent Unravell  Hex/Tmut       #.........   100%        5    ######.
 Conjure Ball Lightning   Conj/Air       #.........   100%        6    #######
 Darkness                 Hex            #.........   100%        6    #######
 Death Channel            Necr           ##........   100%        6    #######
 Deflect Missiles         Chrm/Air       ##........   100%        6    #######
 Freezing Cloud           Conj/Ice/Air   #.........   100%        6    #######
 Hydra Form               Tmut           #.........   100%        6    #######
 Invisibility             Hex            #.......     100%        6    #######
 Iron Shot                Conj/Erth      #.........   100%        6    #######
 Ozocubu's Refrigeration  Ice            #.........   100%        6    #######
 Simulacrum               Ice/Necr       #.........   100%        6    #######
 Statue Form              Tmut/Erth      #........    100%        6    #######
 Dragon Form              Tmut           #.........   100%        7    #######
 Orb of Destruction       Conj           #.........   100%        7    #######
 Spellforged Servitor     Conj/Summ      #.........   100%        7    #######
 Summon Hydra             Summ           ##........   100%        7    #######
 Borgnjor's Revivificati  Necr           ##........   100%        8    #######
 Ignition                 Fire           #.........   100%        8    #######
 Dragon's Call            Summ           ##........   100%        9    #######
 Shatter                  Erth           #.........   100%        9    #######
 Tornado                  Air            #.........   100%        9    #######


Dungeon Overview and Level Annotations

Branches:
Dungeon (15/15)            Temple (0/1) D:5            Lair (6/6) D:8
 Shoals (4/4) Lair:4       Spider (4/4) Lair:4        Slime (5/5) Lair:5
    Orc (2/2) D:9             Elf (3/3) Orc:2        Vaults (5/5) D:13
  Crypt (3/3) Vaults:2       Tomb (0/3) Crypt:3      Depths (5/5) D:15
    Zot (5/5) Depths:5      IceCv (visited)         Volcano (visited)

Altars:
Cheibriados
Elyvilon
Fedhas
Gozag
Kikubaaqudgha
Makhleb
Okawaru
Qazlal
Sif Muna
Trog
Uskayaw
Vehumet
Xom
Yredelemnul
Jiyva

Shops:
D:9 %   D:10 *   D:13 *   D:15 *   Orc:2 ([*:(   Vaults:2 [   Vaults:4 (
Depths:1 (   Depths:2 =

Portals:
Hell: Depths:1 Depths:2 Depths:3 Depths:4 Depths:5
Abyss: Depths:3 Depths:4
Pandemonium: Depths:2 Depths:3
Ziggurat: Depths:3

Annotations:
Slime:5 manual of stealth
Crypt:3 mut
Depths:4 + mut
Zot:1 bolts
Zot:2 mut
Zot:3 ?EW
Zot:4 ?EW


Message History

You hit the Orb Guardian but do no damage.
You slash the death cob! You burn the death cob.
You barely miss the Orb Guardian.
The death cob hits you but does no damage.
The Orb Guardian hits you!
* * * LOW HITPOINT WARNING * * *
The Orb Guardian hits you but does no damage.
The ancient lich casts a spell.
The ancient lich seems to speed up.
The Orb Guardian hits you but does no damage.
You completely miss the Orb Guardian.
The Orb Guardian is severely wounded.
You barely miss the Orb Guardian.
You open the death cob like a pillowcase!!!
You burn the death cob.
You destroy the death cob!
Beogh accepts your kill.
You slice the Orb Guardian!! You burn the Orb Guardian.
The Orb Guardian closely misses you. The Orb Guardian hits you!
You die...

#.. ####### ..
#....# #....<# ...
#....# #.#####
...#####....# #.#
............# #.#
............####.#
#...........X@X.#
##...........XX###
#.............X#
###.#.###.LX.....#
............X....#
.###.............#
.# #.....#########
## #######


You could see an ancient lich and 7 Orb Guardians.

Vanquished Creatures
  the Royal Jelly (Slime:5)
  3 ancient liches
  2 orbs of fire (Zot:4)
  Mara (D:15)
  5 juggernauts
  The ghost of LostGamesStreakFreak the Conqueror, a legendary GrBe of Trog (Zot:3)
  Bai Suzhen (Vaults:3)
  4 curse toes
  5 caustic shrikes
  Nikola (Spider:2)
  9 golden dragons
  Jory (Vaults:3)
  A profane servitor (Crypt:1)
  Arachne (Spider:3)
  12 tentacled monstrosities
  8 quicksilver dragons
  2 Orb Guardians (Zot:5)
  A quicksilver dragon (shapeshifter) (Vaults:5)
  The ghost of twoshot the Thaumaturge, an adept GnWz of Ashenzari (Shoals:1)
  3 liches
  2 deep elf blademasters (Elf:3)
  7 death cobs
  A deep elf master archer (Elf:1)
  An Executioner (Depths:4)
  6 titans
  29 acid blobs
  Kirke (Shoals:3)
  6 tengu reavers
  6 sphinxes
  A sphinx (shapeshifter) (Vaults:5)
  2 ancient champions
  18 storm dragons
  12 shadow dragons
  3 draconian monks
  Ilsuiw (Shoals:4)
  Donald (Elf:3)
  The ghost of twoshot the Thaumaturge, an adept GnWz of Ashenzari (Elf:1)
  3 revenants
  The ghost of Quacs the Fencer, a journeyman DDGl of Makhleb (Spider:4)
  The ghost of Pulopuxyer the Severer, an adept GrFi of Okawaru (Spider:2)
  9 azure jellies
  Roxanne (Spider:3)
  9 fire giants
  7 draconian knights
  8 draconian scorchers
  14 frost giants
  11 vault wardens
  Aizul (Depths:1)
  A cacodemon (Depths:4)
  2 orc warlords
  A caustic shrike zombie (Depths:2)
  3 emperor scorpions
  7 ghost moths
  8 deep elf sorcerers
  3 draconian shifters
  A curse skull (Crypt:3)
  2 iron dragons
  5 draconian stormcallers
  5 deep elf elementalists
  10 ironheart preservers
  2 spriggan defenders (Depths:5)
  A reaper (Crypt:3)
  4 ghouls
  12 vampire knights
  5 entropy weavers
  6 draconian annihilators
  22 very ugly things
  4 war gargoyles
  19 stone giants
  4 yellow draconians
  4 green draconians
  7 deep elf demonologists
  10 black draconians
  8 purple draconians
  11 deep elf annihilators
  10 white draconians
  12 spark wasps
  9 red draconians
  A green death (Depths:4)
  19 deep elf death magi
  25 ettins
  A pearl dragon zombie (Crypt:1)
  22 fire dragons
  A crystal guardian (Vaults:2)
  The ghost of Hyawatha the Cleaver, a journeyman DsGl of Okawaru (D:15)
  10 eidola
  7 death oozes (Slime:5)
  17 yaktaur captains
  12 deep elf high priests
  10 merfolk impalers
  8 merfolk javelineers
  8 jiangshi
  25 vault guards
  16 great orbs of eyes
  13 ice dragons
  6 hydras
  4 rakshasas
  Harold (D:7)
  15 centaur warriors
  4 spriggan air magi
  An alligator snapping turtle (Shoals:3)
  An anaconda (shapeshifter) (Vaults:5)
  4 merfolk avatars
  A satyr (Shoals:4)
  39 two-headed ogres
  14 ogre magi
  A death knight (Crypt:1)
  A catoblepas (D:13)
  44 dancing weapons
  10 death yaks
  A satyr (shapeshifter) (Depths:2)
  2 hell hogs (Crypt:1)
  5 vampire magi
  5 merfolk aquamancers
  8 tengu warriors
  10 deep troll earth magi
  9 deep troll shamans
  3 orc high priests (Orc:2)
  4 spriggan berserkers
  Urug (Lair:6)
  A titan zombie (Depths:2)
  2 spectral dire elephants (Crypt:3)
  19 hell knights (Depths:4)
  5 soul eaters
  21 deep elf knights
  A fire crab (D:14)
  16 shadow wraiths
  4 spriggans
  An entropy weaver zombie (Vaults:2)
  3 fire crabs (shapeshifter)
  2 iron trolls
  20 skeletal warriors
  A storm dragon skeleton (Depths:3)
  2 unseen horrors (shapeshifter)
  14 sea snakes
  5 unseen horrors
  A swamp dragon (Lair:6)
  7 flayed ghosts
  5 glowing orange brains
  A spark wasp zombie (Depths:2)
  2 salamander mystics (Depths:3)
  An obsidian statue (Elf:1)
  2 golden dragon skeletons
  19 deep trolls
  12 ironbrand convokers
  7 wizards
  53 deep elf magi
  25 phantasmal warriors
  24 deep elf archers
  4 orc knights
  10 necromancers
  A shadow dragon skeleton (Crypt:1)
  19 harpies
  4 orc sorcerers
  16 orb spiders
  An orb spider (shapeshifter) (Vaults:4)
  A fire giant zombie (Depths:3)
  A cyclops (shapeshifter) (Vaults:5)
  8 fauns
  2 stone giant zombies
  A wolf spider (shapeshifter) (Vaults:3)
  40 ugly things
  3 salamanders (shapeshifter)
  5 shining eyes
  A spectral merfolk (Shoals:1)
  32 wolf spiders
  5 elephants
  9 salamanders
  17 manticores
  2 spectral alligator snapping turtles (Shoals:1)
  17 cyclopes
  A rust devil (Depths:2)
  3 eyes of devastation
  19 moths of wrath
  14 vault sentinels
  3 apis skeletons (Crypt:1)
  2 smoke demons (Depths:4)
  3 black mambas
  An ice statue (IceCv)
  13 merfolk sirens
  A spiny frog (shapeshifter) (Vaults:4)
  A black mamba (shapeshifter) (Depths:3)
  2 human skeletons (Vaults:2)
  A titan simulacrum (Crypt:3)
  An eye of devastation (shapeshifter) (Depths:5)
  A torpor snail (shapeshifter) (Depths:2)
  12 spiny frogs
  6 water nymphs
  A red draconian zombie (Crypt:2)
  A dire elephant skeleton (Crypt:3)
  5 centaur skeletons
  An orange demon (Depths:4)
  4 rime drakes
  2 sea snake zombies (Crypt:2)
  5 kobold demonologists
  4 torpor snails
  3 hellwings
  A yellow draconian zombie (Crypt:3)
  8 small abominations
  14 freezing wraiths
  73 yaktaurs
  2 komodo dragons (shapeshifter)
  An alligator snapping turtle skeleton (Crypt:3)
  A death yak zombie (Crypt:1)
  16 demonic crawlers
  A minotaur zombie (Crypt:2)
  10 komodo dragons
  A guardian mummy (Crypt:3)
  A queen bee (shapeshifter) (Depths:4)
  5 tengu conjurers
  A harpy zombie (Crypt:3)
  37 jumping spiders
  10 hornets
  2 queen bees
  9 meliai
  A purple draconian skeleton (Crypt:3)
  A spectral harpy (Crypt:3)
  10 trolls
  24 merfolk
  A tengu simulacrum (Depths:3)
  27 polar bears
  2 ettin zombies (Crypt:1)
  4 snapping turtles
  7 wind drakes
  6 dream sheep
  16 hippogriffs
  142 slime creatures
  16 blink frogs
  5 raiju (Lair:6)
  An ice dragon zombie (Crypt:1)
  17 flying skulls
  13 shadows
  2 air elementals (Elf:1)
  A spriggan skeleton (Depths:3)
  A redback (shapeshifter) (Depths:5)
  10 wyverns
  An ice dragon skeleton (Crypt:1)
  17 water elementals
  A wind drake zombie (Crypt:2)
  A spriggan (shapeshifter) (D:15)
  33 tarantellas
  13 wraiths
  2 hogs (Shoals:3)
  65 redbacks
  5 fire elementals
  A human (shapeshifter) (Vaults:4)
  5 basilisks
  88 yaks
  4 vampires (Crypt:2)
  A ynoxinul (Depths:4)
  5 fire bats (Volcano)
  5 humans (Depths:4)
  A spectral elf (Crypt:3)
  6 hungry ghosts
  9 golden eyes
  7 vampire mosquitoes
  3 steam dragons
  A neqoxec (Depths:4)
  6 large abominations
  5 acid dragons
  A soldier ant (D:14)
  11 wargs
  A swamp worm (shapeshifter) (Vaults:1)
  5 water moccasins
  16 hell hounds
  6 porcupines
  Duvessa (D:4)
  3 spectral snapping turtles (Shoals:1)
  2 floating eyes (shapeshifter)
  22 orc warriors
  A swamp drake (Lair:6)
  An infernal demonspawn skeleton (Crypt:1)
  An ice beast (shapeshifter) (Depths:1)
  12 black bears
  2 hornet zombies
  An ettin simulacrum (Vaults:2)
  A necrophage (Crypt:3)
  9 ice beasts
  3 phantoms
  6 sky beasts
  A dream sheep zombie (Crypt:1)
  37 ogres
  5 eyes of draining
  A manticore zombie (Crypt:1)
  An eye of draining (shapeshifter) (Vaults:2)
  18 crocodiles
  A snapping turtle skeleton (Crypt:3)
  27 wolves
  11 boggarts
  14 centaurs
  A wind drake simulacrum (Shoals:1)
  2 elf zombies (Elf:1)
  6 big kobolds
  Blork the orc (D:6)
  A salamander zombie (Crypt:1)
  15 bullfrogs
  A wyvern zombie (Crypt:1)
  A fire crab zombie (Crypt:2)
  3 merfolk simulacra (Shoals:1)
  A water nymph simulacrum (Shoals:1)
  4 earth elementals
  An elf skeleton (Crypt:1)
  Dowan (D:4)
  3 scorpions
  21 killer bees
  18 wights
  An electric eel (Spider:1)
  8 howler monkeys
  11 crimson imps
  4 centaur zombies
  A quasit (D:5)
  A soldier ant zombie (Crypt:3)
  Crazy Yiuf (D:3)
  9 jellies
  2 bullfrog zombies
  4 orc priests
  10 hounds
  A bullfrog skeleton (D:12)
  6 iguanas
  Ijyb (D:3)
  8 orc wizards
  14 worker ants
  3 hell rats (D:8)
  An acid dragon zombie (Crypt:1)
  A big kobold zombie (Crypt:1)
  A deep dwarf zombie (Crypt:3)
  A hound skeleton (D:6)
  12 mummies (Crypt:3)
  Robin (D:3)
  2 worker ant zombies
  4 gnolls (D:5)
  7 adders
  6 river rats
  5 shadow imps
  3 oozes
  8 worms
  2 leopard geckos
  48 orcs
  A bat skeleton (Crypt:2)
  8 giant cockroaches
  13 goblins
  17 hobgoblins
  3 jackals (D:8)
  5 quokkas
  2 ball pythons
  6 bats
  3 frilled lizards
  A jackal skeleton (D:5)
  25 kobolds
  An orc skeleton (Crypt:1)
  A quokka skeleton (D:5)
  2 quokka zombies (D:6)
  7 rats
  6 crawling corpses
  3 fungi
  16 plants
2792 creatures vanquished.

Vanquished Creatures (collateral kills)
  Saint Roka (Depths:5)
  An electric golem (Zot:3)
  A tengu reaver (Vaults:5)
  An azure jelly (shapeshifter) (Depths:5)
  Louise (Shoals:2)
  2 vault wardens
  An orc warlord (Orc:1)
  3 ironheart preservers
  A very ugly thing (Vaults:3)
  An entropy weaver (Spider:3)
  A spark wasp (Spider:3)
  Josephine (D:13)
  A pearl dragon zombie (Crypt:1)
  A merfolk javelineer (Shoals:2)
  A merfolk impaler (Shoals:4)
  A deep elf death mage (Vaults:2)
  A great orb of eyes (Depths:5)
  An ice dragon (Vaults:3)
  3 hydras
  A merfolk avatar (Shoals:4)
  A satyr (Shoals:2)
  A hell hog (Crypt:1)
  A two-headed ogre (Orc:2)
  2 orc high priests
  5 skeletal warriors
  A deep elf knight (Vaults:3)
  A death drake (shapeshifter) (Vaults:2)
  A wizard (Vaults:1)
  An ironbrand convoker (Vaults:1)
  A deep elf archer (Vaults:3)
  5 harpies
  2 orc knights
  A necromancer (Vaults:2)
  A deep elf mage (Vaults:1)
  A cyclops (D:12)
  A manticore (Shoals:1)
  A moth of wrath (Zot:2)
  4 orc sorcerers
  5 ugly things
  A water nymph (Shoals:2)
  2 vault sentinels
  An apis skeleton (Crypt:1)
  5 yaktaurs
  6 merfolk
  A troll (D:14)
  A wind drake (Shoals:1)
  2 hornets
  A polar bear (Lair:1)
  A blink frog (Lair:5)
  4 slime creatures
  A snapping turtle (Shoals:4)
  A flying skull (Crypt:1)
  A redback (Spider:4)
  A tarantella (shapeshifter) (Vaults:3)
  2 tarantellas (Spider:3)
  2 golden eyes (Slime:1)
  A human simulacrum (Vaults:1)
  2 wargs (Orc:1)
  10 orc warriors
  A porcupine (Lair:1)
  An eye of draining (D:12)
  A boggart (Vaults:1)
  3 centaurs
  An ogre (Orc:2)
  A crocodile (Lair:1)
  A wight (Crypt:2)
  6 orc priests
  3 orc wizards
  17 orcs
  A plant (Shoals:1)
143 creatures vanquished.

Vanquished Creatures (others)
  An orc warlord (Shoals:4)
  A fire giant (Vaults:5)
  3 orc sorcerers
  An orc high priest (Orc:2)
  A skeletal warrior (Crypt:2)
  11 orc knights
  33 orc warriors
  2 yaktaurs (Depths:4)
  3 water elementals (Depths:4)
  A tarantella (Spider:3)
  A wyvern (Volcano)
  A basilisk (Lair:5)
  24 orc wizards
  A warg (Vaults:1)
  37 orc priests
  A porcupine (Lair:5)
  An ogre (Vaults:2)
  A centaur (Vaults:2)
  82 orcs
  A rat (D:3)
  A bush (Lair:3)
  8 fungi
  75 plants
291 creatures vanquished.

Grand Total: 3226 creatures vanquished

Notes
Turn   | Place    | Note
-------+----------+-------------------------------------------
     0 | D:1      | mopl the Hill Orc Monk began the quest for the Orb.
     0 | D:1      | Reached XP level 1. HP: 19/19 MP: 1/1
   241 | D:1      | Reached XP level 2. HP: 22/26 MP: 2/2
   351 | D:1      | Reached skill level 5 in Axes
   741 | D:2      | Reached XP level 3. HP: 31/31 MP: 3/3
  1161 | D:2      | Reached skill level 6 in Axes
  1503 | D:2      | Found an opulent altar of Gozag.
  1586 | D:2      | Reached XP level 4. HP: 7/39 MP: 4/4
  2075 | D:2      | Reached skill level 7 in Axes
  2271 | D:3      | Noticed Ijyb
  2287 | D:3      | Reached XP level 5. HP: 28/45 MP: 5/5
  2291 | D:3      | HP: 2/45 [poisoned by an adder]
  2327 | D:3      | Killed Ijyb
  2606 | D:3      | Noticed Robin
  2624 | D:3      | Killed Robin
  2632 | D:3      | Reached skill level 8 in Axes
  2810 | D:3      | Noticed an ogre
  2817 | D:3      | Killed an ogre
  2817 | D:3      | Reached XP level 6. HP: 24/51 MP: 6/6
  3001 | D:3      | Reached skill level 9 in Axes
  3261 | D:3      | Found a runed translucent door.
  3262 | D:3      | Noticed Crazy Yiuf
  3272 | D:3      | Killed Crazy Yiuf
  3394 | D:4      | Found an iron altar of Okawaru.
  3445 | D:4      | Found a glowing drain.
  3517 | D:4      | Noticed Duvessa
  3517 | D:4      | Noticed Dowan
  3530 | D:4      | Killed Duvessa
  3530 | D:4      | Reached skill level 10 in Axes
  3530 | D:4      | Reached XP level 7. HP: 44/57 MP: 7/7
  3581 | D:4      | Killed Dowan
  4237 | D:5      | Entered Level 5 of the Dungeon
  4335 | D:5      | Reached skill level 11 in Axes
  4367 | D:5      | Reached skill level 4 in Fighting
  4367 | D:5      | Reached skill level 1 in Armour
  4480 | D:5      | Reached XP level 8. HP: 63/67 MP: 8/8
  4484 | D:5      | Reached skill level 2 in Armour
  4578 | D:5      | Found a staircase to the Ecumenical Temple.
  5160 | D:6      | Reached skill level 5 in Fighting
  5163 | D:6      | Reached skill level 3 in Armour
  5199 | D:6      | Noticed Blork the orc
  5214 | D:6      | Killed Blork the orc
  5331 | D:6      | Found a burning altar of Makhleb.
  5367 | D:6      | Found a radiant altar of Vehumet.
  5599 | D:6      | Reached skill level 4 in Armour
  5958 | D:7      | Reached skill level 6 in Fighting
  5958 | D:7      | Reached skill level 12 in Axes
  6242 | D:7      | Reached XP level 9. HP: 78/78 MP: 9/9
  6369 | D:7      | Reached skill level 5 in Armour
  6395 | D:7      | Noticed Harold
  6443 | D:7      | Killed Harold
  6443 | D:7      | Reached skill level 7 in Fighting
  6443 | D:7      | Reached skill level 6 in Armour
  6645 | D:7      | Reached skill level 13 in Axes
  6696 | D:7      | Reached skill level 8 in Fighting
  6994 | D:7      | Found a shimmering altar of Xom.
  7148 | D:8      | Noticed a cyclops
  7322 | D:8      | Killed a cyclops
  7416 | D:8      | Reached XP level 10. HP: 51/90 MP: 10/10
  7422 | D:8      | Reached skill level 7 in Armour
  7435 | D:8      | Reached skill level 9 in Fighting
  7883 | D:8      | Reached skill level 14 in Axes
  7884 | D:8      | Noticed a two-headed hydra
  7888 | D:8      | Reached skill level 8 in Armour
  7900 | D:8      | Killed a one-headed hydra
  7900 | D:8      | Reached skill level 10 in Fighting
  7980 | D:8      | Noticed a death yak
  7980 | D:8      | Noticed a death yak
  8036 | D:8      | Noticed a death yak
  8046 | D:7      | Killed a death yak
  8322 | D:8      | Killed a death yak
  8322 | D:8      | Reached skill level 9 in Armour
  8322 | D:8      | Reached XP level 11. HP: 75/101 MP: 11/11
  8662 | D:7      | Killed a death yak
  9032 | D:8      | Found a staircase to the Lair.
  9104 | D:8      | Found a shimmering altar of Xom.
  9104 | D:8      | Found a radiant altar of Vehumet.
  9520 | D:9      | Found Nesasa's Food Shoppe.
  9574 | D:9      | Reached skill level 11 in Fighting
  9574 | D:9      | Reached skill level 15 in Axes
  9607 | D:9      | Found a staircase to the Orcish Mines.
  9769 | D:9      | Found an ancient bone altar of Kikubaaqudgha.
  9965 | D:9      | Became a worshipper of Beogh the Brigand
  9965 | D:9      | Reached * piety under Beogh
  9965 | D:9      | Reached ** piety under Beogh
 10177 | D:10     | Entered Level 10 of the Dungeon
 10407 | D:10     | Found Fuach's General Store.
 10424 | D:10     | Bought a scroll of identify for 22 gold pieces
 10424 | D:10     | Bought a scroll of identify for 22 gold pieces
 11097 | D:11     | Noticed a two-headed ogre
 11106 | D:11     | Killed a two-headed ogre
 11118 | D:11     | Reached skill level 10 in Armour
 11182 | D:11     | Reached skill level 1 in Invocations
 11232 | D:11     | Noticed a red ugly thing
 11238 | D:11     | Killed a red ugly thing
 11566 | D:11     | Noticed a five-headed hydra
 11566 | D:11     | Noticed a red ugly thing
 11597 | D:12     | Noticed a cyclops
 11609 | D:12     | Reached *** piety under Beogh
 11610 | D:12     | Reached skill level 2 in Invocations
 11871 | D:12     | Reached skill level 3 in Invocations
 12096 | D:11     | Killed a red ugly thing
 12363 | D:12     | Reached skill level 12 in Fighting
 12366 | D:12     | Reached skill level 4 in Invocations
 12366 | D:12     | Reached XP level 12. HP: 54/112 MP: 13/15
 12768 | D:12     | Killed a two-headed hydra
 12860 | D:12     | Noticed a seven-headed hydra
 12868 | D:12     | Killed a four-headed hydra
 12868 | D:12     | Reached **** piety under Beogh
 12868 | D:12     | Reached skill level 16 in Axes
 12874 | D:12     | Reached skill level 5 in Invocations
 12911 | D:12     | Got a pair of faintly humming gloves
 12922 | D:12     | Identified the +2 pair of gloves of Wegoib {Str+3} (You
                  | found it on level 12 of the Dungeon)
 13084 | Lair:1   | Entered Level 1 of the Lair of Beasts
 13142 | Lair:1   | Found a basalt altar of Yredelemnul.
 13175 | Lair:1   | Found a dark tunnel.
 13181 | Volcano  | Entered a volcano
 13183 | Volcano  | Noticed a two-headed ogre
 13192 | Volcano  | Killed a two-headed ogre
 13192 | Volcano  | Reached skill level 11 in Armour
 13234 | Volcano  | Reached skill level 6 in Invocations
 13267 | Volcano  | Noticed a two-headed ogre
 13282 | Volcano  | Killed a two-headed ogre
 13379 | Volcano  | Noticed a two-headed ogre
 13380 | Volcano  | Noticed a fire dragon
 13383 | Volcano  | Killed a fire dragon
 13383 | Volcano  | Reached skill level 7 in Invocations
 13386 | Volcano  | Killed a two-headed ogre
 13386 | Volcano  | Reached skill level 13 in Fighting
 13491 | Lair:1   | Found a frozen archway.
 13502 | Lair:1   | Reached ***** piety under Beogh
 13526 | IceCv    | Entered an ice cave
 13680 | IceCv    | Reached XP level 13. HP: 89/122 MP: 18/18
 13799 | IceCv    | Reached skill level 8 in Invocations
 13817 | IceCv    | Reached skill level 17 in Axes
 14004 | IceCv    | Reached skill level 12 in Armour
 14381 | IceCv    | Reached skill level 9 in Invocations
 15096 | IceCv    | Noticed a frost giant
 15105 | IceCv    | Killed a frost giant
 15107 | IceCv    | Reached skill level 1 in Evocations
 15474 | Lair:1   | Gained Bogdan as an ally
 15587 | Lair:1   | Reached skill level 14 in Fighting
 15635 | Lair:1   | Reached skill level 2 in Evocations
 16510 | Lair:2   | Reached skill level 10 in Invocations
 17221 | Lair:3   | Reached skill level 3 in Evocations
 17347 | Lair:3   | Reached XP level 14. HP: 116/132 MP: 21/21
 18059 | Lair:4   | Reached skill level 13 in Armour
 18136 | Lair:4   | Reached skill level 4 in Evocations
 18200 | Lair:4   | Found a staircase to the Shoals.
 18206 | Lair:4   | Reached skill level 18 in Axes
 18352 | Lair:4   | Noticed Urug
 18465 | Lair:4   | Found a hole to the Spider Nest.
 18700 | Lair:4   | Reached skill level 11 in Invocations
 19507 | Lair:5   | Reached skill level 5 in Evocations
 19612 | Lair:5   | Found a staircase to the Slime Pits.
 20001 | Lair:6   | Entered Level 6 of the Lair of Beasts
 20113 | Lair:6   | Reached skill level 15 in Fighting
 20542 | Lair:6   | Killed Urug
 20542 | Lair:6   | Reached XP level 15. HP: 110/141 MP: 23/23
 20658 | Lair:6   | Reached skill level 6 in Evocations
 20748 | Lair:6   | Reached skill level 12 in Invocations
 21349 | Lair:6   | Reached ****** piety under Beogh
 21407 | Lair:6   | Reached skill level 14 in Armour
 22099 | Orc:1    | Entered Level 1 of the Orcish Mines
 22099 | Orc:1    | Noticed an orc warlord
 22110 | Orc:1    | Killed an orc warlord
 22245 | Orc:1    | Gained Wulfoc as an ally
 22357 | Orc:1    | Noticed an orc warlord
 22361 | Orc:1    | Reached skill level 7 in Evocations
 22369 | Orc:1    | Reached skill level 19 in Axes
 22382 | Orc:1    | Killed an orc warlord
 22522 | Orc:1    | Gained Berold as an ally
 22526 | Orc:1    | Your ally Berold died
 22757 | Orc:2    | Entered Level 2 of the Orcish Mines
 22965 | Orc:2    | Found Loetac's Antique Weapon Shop.
 23063 | Orc:2    | Found a staircase to the Elven Halls.
 23074 | Orc:2    | Noticed an orc warlord
 23326 | Orc:2    | Gained Margrim as an ally
 23335 | Orc:2    | Your ally Margrim died
 23468 | Orc:2    | Reached skill level 13 in Invocations
 23695 | Orc:2    | Found Zef Goub's General Store.
 23696 | Orc:2    | Found Oshao's Book Emporium.
 23697 | Orc:2    | Found Meiz's Antique Armour Shoppe.
 23697 | Orc:2    | Found Nierchuin's Antique Weapon Shoppe.
 23711 | Orc:2    | Bought a potion of curing for 39 gold pieces
 23711 | Orc:2    | Bought a potion of might for 52 gold pieces
 23721 | Orc:2    | Bought an embroidered cloak for 217 gold pieces
 23721 | Orc:2    | Bought a pair of glowing boots for 217 gold pieces
 23987 | D:13     | Noticed Josephine
 23998 | D:13     | Killed Josephine
 24260 | D:13     | Found Oqaqoch's Assorted Antiques.
 24277 | D:13     | Reached skill level 16 in Fighting
 24314 | D:13     | Bought a scroll of identify for 76 gold pieces
 24314 | D:13     | Bought a scroll labeled HUWUDUZ DACKIU for 38 gold pieces
 24314 | D:13     | Bought a scroll of identify for 76 gold pieces
 24314 | D:13     | Bought an emerald potion for 34 gold pieces
 24324 | D:13     | Got a steaming battleaxe
 24325 | D:13     | Identified the +5 battleaxe of Butchery {flame, Str+3 SInv}
                  | (You acquired it on level 13 of the Dungeon)
 24795 | D:13     | Reached XP level 16. HP: 100/151 MP: 25/25
 24868 | D:13     | Found a gate to the Vaults.
 25004 | D:14     | Reached skill level 8 in Evocations
 25271 | D:14     | Found the -2 hat of the Alchemist {rElec rPois rF+ rC+ rN+
                  | MR+ rMut rCorr}
 26086 | D:14     | Reached skill level 14 in Invocations
 26101 | D:14     | Reached skill level 15 in Armour
 26101 | D:14     | Reached skill level 3 in Dodging
 26327 | D:14     | Got a translucent amber ring
 26329 | D:14     | Identified the ring of Amorality {rElec rN+ Stlth+} (You
                  | found it on level 14 of the Dungeon)
 26602 | D:15     | Entered Level 15 of the Dungeon
 26602 | D:15     | Found a runed translucent door.
 26775 | D:15     | Identified the +6 trident of the Tundras {venom, MR+ Str+2}
 26775 | D:15     | Noticed Hyawatha's ghost (journeyman DsGl)
 26778 | D:15     | Found Mapre's General Store.
 26788 | D:15     | Bought a cursed amulet of inaccuracy for 24 gold pieces
 26834 | D:15     | Reached skill level 9 in Evocations
 26946 | D:15     | Gained Orbeogh as an ally
 26964 | D:15     | Found a staircase to the Depths.
 27174 | D:15     | Reached skill level 20 in Axes
 27549 | D:15     | Reached XP level 17. HP: 142/160 MP: 27/27
 27565 | D:15     | Killed Hyawatha's ghost
 27565 | D:15     | Reached skill level 4 in Dodging
 27820 | Elf:1    | Entered Level 1 of the Elven Halls
 27896 | Elf:1    | Found a runed translucent gate.
 27897 | Elf:1    | Found a runed translucent gate.
 27897 | Elf:1    | Found a runed translucent gate.
 27898 | Elf:1    | Found an opulent altar of Gozag.
 27900 | Elf:1    | Noticed twoshot's ghost (adept GnWz)
 27900 | Elf:1    | Noticed a deep elf master archer
 27987 | Elf:1    | You fall into a shaft and drop 1 floor!
 28041 | Elf:2    | Reached skill level 17 in Fighting
 28700 | Elf:1    | Reached skill level 15 in Invocations
 28711 | Elf:1    | Reached skill level 10 in Evocations
 28741 | Elf:1    | Identified Ipnaqar's Guide on Evil Arts
 28851 | Elf:1    | Reached skill level 5 in Dodging
 29435 | Elf:2    | Found a runed translucent door.
 29458 | Elf:2    | Found a runed translucent door.
 29793 | Elf:2    | Reached skill level 16 in Armour
 30102 | Elf:2    | Reached skill level 6 in Dodging
 30250 | Elf:2    | Reached XP level 18. HP: 115/171 MP: 29/29
 30564 | Elf:3    | Entered Level 3 of the Elven Halls
 30705 | Elf:3    | Reached skill level 16 in Invocations
 31047 | Elf:3    | Noticed Donald
 31059 | Elf:3    | Reached skill level 18 in Fighting
 31066 | Elf:3    | Killed Donald
 31708 | Elf:3    | Identified the +1 chain mail "Hevvunus" {rElec Str+3 Int-2}
 31755 | Elf:3    | Reached skill level 7 in Dodging
 31810 | Elf:3    | Identified the ring of the Seven Suns {rF+ MP+9}
 32269 | Elf:3    | Identified the +1 robe "Puobusm" {rF- MR+++ rCorr Str-2}
 32436 | Elf:3    | Identified the +2 ring mail "Ganoam" {rElec Int+4 SInv}
 32605 | Elf:3    | Noticed a deep elf blademaster
 32607 | Elf:3    | Noticed a deep elf blademaster
 32618 | Elf:3    | Killed a deep elf blademaster
 32628 | Elf:3    | Killed a deep elf blademaster
 32643 | Elf:3    | Reached skill level 17 in Armour
 32909 | Elf:3    | Gained Morun as an ally
 32909 | Elf:3    | Reached skill level 17 in Invocations
 32999 | Elf:3    | Identified the Grimoire of Poison and Snow
 33025 | Elf:3    | Got a smelly scale mail
 33036 | Elf:3    | Identified the +7 scale mail of the Frog {rCorr Str+2
                  | Int+3} (You found it on level 3 of the Elven Halls)
 33506 | Spider:1 | Entered Level 1 of the Spider Nest
 33738 | Spider:1 | Reached XP level 19. HP: 163/181 MP: 31/31
 33801 | Spider:1 | Reached skill level 8 in Dodging
 33871 | Spider:1 | Learned a level 1 spell: Apportation
 34623 | Spider:2 | Found a transporter.
 34636 | Spider:2 | Found a transporter.
 34639 | Spider:2 | Noticed Pulopuxyer's ghost (adept GrFi)
 34657 | Spider:2 | Killed Pulopuxyer's ghost
 34677 | Spider:2 | Reached skill level 9 in Dodging
 34677 | Spider:2 | Reached XP level 20. HP: 182/189 MP: 32/32
 34689 | Spider:2 | Got a translucent cloak
 34695 | Spider:2 | Identified the +1 cloak of Xiko {*Drain rElec Str+8} (You
                  | found it on level 2 of the Spider Nest)
 34943 | Spider:2 | Found a runed translucent door.
 35011 | Spider:2 | Reached skill level 19 in Fighting
 35046 | Spider:2 | Learned a level 2 spell: Blink
 35125 | Spider:3 | Noticed Nikola
 35450 | Spider:2 | Killed Nikola
 35450 | Spider:2 | Reached skill level 1 in Translocations
 35482 | Spider:3 | Identified Roxanne's Incunabulum of the Rocks
 35482 | Spider:3 | Noticed Roxanne
 35613 | Spider:3 | Gained Murdo as an ally
 35613 | Spider:3 | Reached skill level 18 in Armour
 35615 | Spider:3 | Gained Orbeogh as an ally
 35660 | Spider:3 | Your ally Orbeogh died
 35668 | Spider:3 | Reached skill level 2 in Translocations
 35804 | Spider:3 | Your ally Murdo died
 35806 | Spider:3 | Gained Arbolt as an ally
 36422 | Spider:3 | Killed Roxanne
 36456 | Spider:4 | Entered Level 4 of the Spider Nest
 36916 | Spider:4 | Reached skill level 10 in Dodging
 36923 | Spider:4 | Reached skill level 18 in Invocations
 37022 | Spider:4 | Reached skill level 11 in Evocations
 37026 | Spider:4 | Noticed Arachne
 37030 | Spider:4 | Reached skill level 3 in Translocations
 37306 | Spider:3 | Killed Arachne
 37409 | Spider:4 | Reached XP level 21. HP: 199/199 MP: 28/34
 38241 | Spider:4 | Found a runed translucent door.
 38241 | Spider:4 | Noticed Quacs's ghost (journeyman DDGl)
 38258 | Spider:4 | Killed Quacs's ghost
 38383 | Spider:4 | Got a gossamer rune of Zot
 38810 | Shoals:1 | Entered Level 1 of the Shoals
 38918 | Shoals:1 | Gained Bogrim as an ally
 38918 | Shoals:1 | Reached skill level 4 in Translocations
 39007 | Shoals:1 | Found a runed translucent gate.
 39008 | Shoals:1 | Found a runed translucent gate.
 39009 | Shoals:1 | Found a runed translucent gate.
 39043 | Shoals:1 | Noticed twoshot's ghost (adept GnWz)
 39084 | Shoals:1 | Killed twoshot's ghost
 39402 | Shoals:1 | Reached skill level 1 in Throwing
 39720 | Shoals:2 | Reached skill level 19 in Armour
 40136 | Shoals:2 | Noticed Louise
 40155 | Shoals:2 | Killed Louise
 40753 | Shoals:3 | Reached skill level 2 in Throwing
 40757 | Shoals:3 | Noticed Kirke
 40777 | Shoals:3 | Killed Kirke
 40927 | Shoals:3 | Identified the +7 scale mail of the Komtur {Str+6 Slay-2}
                  | (You found it on level 3 of the Shoals)
 41634 | Shoals:4 | Entered Level 4 of the Shoals
 41634 | Shoals:4 | Noticed Ilsuiw
 42003 | Shoals:4 | Your ally Bogrim died
 42503 | Shoals:4 | Reached skill level 5 in Translocations
 42912 | Shoals:4 | Gained Brandogh as an ally
 42912 | Shoals:4 | Reached skill level 3 in Throwing
 43454 | Shoals:4 | Reached XP level 22. HP: 180/209 MP: 35/35
 43578 | Shoals:4 | Killed Ilsuiw
 43578 | Shoals:4 | Reached skill level 20 in Fighting
 43620 | Shoals:4 | Reached skill level 12 in Evocations
 43945 | Shoals:4 | Got a barnacled rune of Zot
 44039 | Shoals:4 | Identified the Guide on Aid and Attacks
 44387 | Shoals:4 | Identified the Handbook of Augmentations and Contamination
 44617 | Lair:1   | Upgraded the game from 0.25-a0-308-geac79542e2 to
                  | 0.25-a0-339-gb37b713d4c
 44743 | Vaults:1 | Entered Level 1 of the Vaults
 44819 | Vaults:1 | Reached skill level 11 in Dodging
 44819 | Vaults:1 | Gained Wargrak as an ally
 44819 | Vaults:1 | Reached skill level 19 in Invocations
 44825 | Vaults:1 | Gained Agrik as an ally
 44839 | Vaults:1 | Reached skill level 4 in Throwing
 45590 | Vaults:1 | Reached skill level 20 in Armour
 45602 | Vaults:1 | Upgraded the game from 0.25-a0-339-gb37b713d4c to
                  | 0.25-a0-341-g6f074c887a
 45687 | Vaults:1 | Gained Boderik as an ally
 45912 | Vaults:2 | Gained Bogwald as an ally
 46386 | Vaults:2 | Learned a level 1 spell: Summon Butterflies
 46389 | Vaults:2 | Learned a level 2 spell: Song of Slaying
 46392 | Vaults:2 | Learned a level 2 spell: Passwall
 46395 | Vaults:2 | Learned a level 2 spell: Swiftness
 46512 | Vaults:2 | Found a staircase to the Crypt.
 46689 | Vaults:2 | Reached skill level 5 in Throwing
 46771 | Vaults:2 | Reached skill level 1 in Charms
 46798 | Vaults:2 | Identified the +2 plate armour of Idealism {rElec rC++
                  | Str-4 Dex-3} (You found it on level 2 of the Vaults)
 46920 | Vaults:2 | Found Tocwaff's Antique Armour Boutique.
 46930 | Vaults:2 | Bought a glowing crystal plate armour for 3569 gold pieces
 47723 | Vaults:3 | Found a portal to a secret trove of treasure.
 48004 | Vaults:3 | Reached skill level 2 in Charms
 48081 | Vaults:3 | Reached XP level 23. HP: 216/216 MP: 36/36
 48762 | Vaults:3 | Gained Horkud as an ally
 48825 | Vaults:3 | Noticed Bai Suzhen
 48835 | Vaults:3 | Killed Bai Suzhen
 49012 | Vaults:3 | Found a snail-covered altar of Cheibriados.
 49013 | Vaults:3 | Noticed Jory
 49024 | Vaults:3 | Killed Jory
 49024 | Vaults:3 | Reached skill level 3 in Charms
 49192 | Vaults:4 | Reached skill level 6 in Throwing
 49197 | Vaults:4 | Gained Ugrim as an ally
 49621 | Vaults:4 | Gained Norbak as an ally
 49646 | Vaults:4 | Reached skill level 21 in Axes
 49715 | Vaults:4 | Reached skill level 13 in Evocations
 49957 | Vaults:4 | Reached skill level 6 in Translocations
 50109 | Vaults:4 | Gained Bogdar as an ally
 50202 | Vaults:4 | Reached skill level 4 in Charms
 50240 | Vaults:4 | Found Beacratoe's Antique Weapon Boutique.
 50430 | Crypt:1  | Entered Level 1 of the Crypt
 50551 | Crypt:1  | Gained Zartorak as an ally
 50553 | Crypt:1  | Your ally Zartorak died
 51008 | Crypt:1  | Reached skill level 12 in Dodging
 51008 | Crypt:1  | Reached skill level 20 in Invocations
 51024 | Crypt:1  | Found a basalt altar of Yredelemnul.
 51045 | Crypt:1  | Gained Bogrim as an ally
 51045 | Crypt:1  | Reached XP level 24. HP: 187/226 MP: 37/37
 51231 | Crypt:2  | Reached skill level 7 in Throwing
 51241 | Crypt:2  | Reached skill level 21 in Fighting
 51254 | Crypt:2  | Gained Brunolf as an ally
 51257 | Crypt:2  | Your ally Brunolf died
 51600 | Crypt:2  | Found an ancient bone altar of Kikubaaqudgha.
 51985 | Crypt:3  | Entered Level 3 of the Crypt
 52063 | Crypt:3  | Reached skill level 5 in Charms
 52154 | Crypt:3  | Reached skill level 21 in Armour
 52401 | Crypt:3  | Reached skill level 7 in Translocations
 52415 | Crypt:3  | Gained Wulfoc as an ally
 52418 | Crypt:3  | Found a basalt altar of Yredelemnul.
 52442 | Crypt:3  | Learned a level 3 spell: Regeneration
 52468 | Crypt:3  | Your ally Wulfoc died
 52517 | Crypt:3  | Found the +7 Singing Sword {slice, sonic wave}
 52519 | Crypt:3  | Found the +9 staff of Olgreb {rPois∞}
 52523 | Crypt:3  | Identified Jiosh's Almanac of Unholy Arts
 52718 | Crypt:3  | Found a staircase to the Tomb.
 53115 | Crypt:3  | Gained Nordag as an ally
 53269 | Crypt:3  | Identified the ring "Oshuz" {rC+ rN+ Str-3 Dex+4} (You
                  | found it on level 3 of the Crypt)
 53270 | Crypt:3  | Identified the ring "Omyrup" {rN+ Str+3} (You found it on
                  | level 3 of the Crypt)
 53271 | Crypt:3  | Identified the ring "Dipegout" {rN+ Str+2} (You found it on
                  | level 3 of the Crypt)
 53817 | Depths:1 | Entered Level 1 of the Depths
 53817 | Depths:1 | Noticed Mara
 53831 | D:15     | Noticed mopl's illusion
 53831 | D:15     | Killed Mara
 53871 | Depths:1 | Gained Marbork as an ally
 53954 | Depths:1 | Your ally Marbork died
 53976 | Depths:1 | Noticed Aizul
 53979 | Depths:1 | Reached skill level 8 in Throwing
 53990 | Depths:1 | Killed Aizul
 54172 | Depths:1 | Reached XP level 25. HP: 179/235 MP: 37/37
 54334 | Depths:1 | Found Samuih's Antique Weapon Shoppe.
 54344 | Depths:1 | Bought a crystal war axe for 399 gold pieces
 54344 | Depths:1 | Identified the cursed +1 war axe of Responsibility {chop,
                  | *Corrode rPois rF+} (You bought it in a shop on level 1 of
                  | the Depths)
 54362 | Depths:1 | Reached skill level 14 in Evocations
 54599 | Depths:1 | Found a gateway to Hell.
 54797 | Depths:2 | Found a transporter.
 54893 | Depths:2 | Noticed an ancient lich
 54919 | Depths:2 | Killed an ancient lich
 54922 | Depths:2 | Reached skill level 8 in Translocations
 54974 | Depths:2 | Identified the Reference Book on Unholy Arts
 55048 | Depths:2 | Found a one-way gate leading to the halls of Pandemonium.
 55066 | Depths:2 | Found a transporter.
 55147 | Depths:2 | Reached skill level 22 in Axes
 55203 | Depths:2 | Found Qucon's Jewellery Emporium.
 55503 | Depths:2 | Gained Dorog as an ally
 55669 | Depths:2 | Reached skill level 21 in Invocations
 56028 | Depths:2 | Noticed a juggernaut
 56056 | Depths:2 | Reached skill level 9 in Throwing
 56116 | Depths:2 | Killed a juggernaut
 56301 | Depths:2 | Reached skill level 13 in Dodging
 56329 | Depths:2 | Gained Marbaugh as an ally
 56622 | Depths:2 | Identified the amulet "Niaser" {Regen+ Int+2} (You found it
                  | on level 2 of the Depths)
 56636 | Depths:2 | Identified the ring of Dithmenos's Fury {*Tele rPois rF+
                  | Int+5} (You found it on level 2 of the Depths)
 56776 | Depths:3 | Reached XP level 26. HP: 32/246 MP: 37/37
 56956 | Depths:3 | Reached skill level 22 in Fighting
 56983 | Depths:3 | Found a flickering gateway to a bazaar.
 56993 | Bazaar   | Entered a bazaar
 56994 | Bazaar   | Found Dountipi's Antique Armour Emporium.
 56994 | Bazaar   | Found Moblua's Food Emporium.
 56995 | Bazaar   | Found Feefoza's Gadget Boutique.
 57026 | Bazaar   | Found Zinedun's General Store.
 57034 | Bazaar   | Bought a scroll of enchant armour for 105 gold pieces
 57034 | Bazaar   | Bought a scroll of teleportation for 42 gold pieces
 57034 | Bazaar   | Bought a potion of curing for 42 gold pieces
 57694 | Depths:3 | Found a basalt altar of Yredelemnul.
 57694 | Depths:3 | Found a bloodstained altar of Trog.
 57772 | Depths:3 | Found a gateway to a ziggurat.
 57776 | Depths:3 | Found a one-way gate to the infinite horrors of the Abyss.
 57847 | Depths:3 | Found a bloodstained altar of Trog.
 57847 | Depths:3 | Found a white marble altar of Elyvilon.
 57929 | Depths:3 | Gained Bladwarg as an ally
 57937 | Depths:3 | Identified the +1 chain mail "Lotagel" {*Corrode rC+ rN+++
                  | Dex-5 Slay+4} (You found it on level 3 of the Depths)
 57949 | Depths:3 | Noticed a juggernaut
 57960 | Depths:3 | Killed a juggernaut
 58019 | Depths:4 | Reached skill level 10 in Throwing
 58199 | Depths:4 | Reached skill level 15 in Evocations
 58288 | Depths:4 | Reached skill level 22 in Armour
 59468 | Depths:4 | Gained Spirok as an ally
 59471 | Depths:4 | Reached skill level 23 in Axes
 59473 | Depths:4 | Your ally Spirok died
 59567 | Depths:4 | Found a runed translucent door.
 59571 | Depths:4 | Found a runed translucent door.
 59575 | Depths:4 | Reached skill level 22 in Invocations
 59575 | Depths:4 | Gained Jorge as an ally
 59625 | Depths:4 | Gained Worak as an ally
 59702 | Depths:4 | Reached XP level 27. HP: 224/256 MP: 38/38
 59763 | Depths:4 | Found a burning altar of Makhleb.
 59781 | Depths:4 | Identified the ring "Haimite" {Str+4 SInv} (You found it on
                  | level 4 of the Depths)
 59841 | Depths:4 | Got a translucent iron ring
 59843 | Depths:4 | Identified the ring of the Queen {Fire +Blink} (You found
                  | it on level 4 of the Depths)
 60174 | Depths:4 | Your ally Worak died
 60190 | Depths:5 | Entered Level 5 of the Depths
 60419 | Depths:5 | Found a stormy altar of Qazlal.
 60419 | Depths:5 | Found a hide-covered altar of Uskayaw.
 60420 | Depths:5 | Found a blossoming altar of Fedhas.
 60561 | Depths:5 | Reached skill level 11 in Throwing
 60573 | Depths:5 | Found a gate to the Realm of Zot.
 60728 | Depths:5 | Noticed a juggernaut
 60741 | Depths:5 | Killed a juggernaut
 60741 | Depths:5 | Reached skill level 14 in Dodging
 61029 | Depths:5 | Gained Olfrun as an ally
 61048 | Depths:5 | Your ally Olfrun died
 61151 | Depths:5 | Noticed a juggernaut
 61163 | Depths:5 | Killed a juggernaut
 61202 | Depths:5 | Got a clouded ivory ring
 61204 | Depths:5 | Identified the ring of Gaxiur {rC+ rN+ Str+2} (You found it
                  | on level 5 of the Depths)
 61235 | Depths:5 | Gained Brandogh as an ally
 61318 | Depths:5 | Reached skill level 23 in Fighting
 61320 | Depths:5 | Noticed Saint Roka
 61335 | Depths:5 | Killed Saint Roka
 61456 | Depths:5 | Noticed a juggernaut
 61471 | Depths:5 | Killed a juggernaut
 61530 | Depths:5 | Gained Ortolf as an ally
 61806 | Depths:5 | Got a bloodstained chain mail
 61812 | Depths:5 | Identified the +3 chain mail "Ydeuhi" {rF+ Dex+4} (You
                  | found it on level 5 of the Depths)
 62309 | Vaults:3 | You paid a toll of a +6 demon whip to enter a treasure
                  | trove
 62310 | Trove    | Entered a treasure trove
 63139 | Slime:1  | Entered Level 1 of the Pits of Slime
 63148 | Slime:1  | Gained Ortolf as an ally
 63398 | Slime:2  | Reached skill level 12 in Throwing
 63398 | Slime:2  | Reached skill level 23 in Invocations
 63405 | Slime:2  | Gained Orik as an ally
 63405 | Slime:2  | Gained Nordag as an ally
 63726 | Slime:5  | Entered Level 5 of the Pits of Slime
 63737 | Slime:5  | Reached skill level 24 in Axes
 63748 | Slime:5  | Reached skill level 23 in Armour
 64141 | Slime:5  | Found a viscous altar of Jiyva.
 64141 | Slime:5  | Noticed the Royal Jelly
 64158 | Slime:5  | Killed the Royal Jelly
 64365 | Slime:5  | Identified the Catalogue of the Quantum Arsonist
 64517 | Slime:5  | Identified the Tome of Stones
 64532 | Slime:5  | Got a slimy rune of Zot
 64548 | Slime:5  | Identified the +6 broad axe of Muntasch {flame, rPois rC+
                  | MR+} (You found it on level 5 of the Pits of Slime)
 64556 | Slime:5  | Identified the +1 plate armour "Sosejul" {+Blink rC+ Dex+3}
                  | (You found it on level 5 of the Pits of Slime)
 64585 | Slime:5  | Identified the +0 glaive of Yredelemnul's Anger {pain,
                  | MP+9} (You found it on level 5 of the Pits of Slime)
 65145 | Vaults:5 | Entered Level 5 of the Vaults
 65171 | Vaults:4 | Reached skill level 15 in Dodging
 65854 | Vaults:5 | Reached skill level 13 in Throwing
 65893 | Vaults:5 | Identified the +6 fire dragon scales "Dixzonov" {*Slow rF++
                  | rC- rN+ MR+}
 65940 | Vaults:5 | Got a silver rune of Zot
 66054 | Vaults:5 | Reached skill level 24 in Fighting
 66302 | Vaults:5 | Identified the amulet of Wuz Weosk {RegenMP Slay+2}
 66352 | Vaults:5 | Reached skill level 24 in Invocations
 66400 | Vaults:5 | Identified the cursed +3 mace "Hugeuxax" {crush, Int+5}
 66451 | Vaults:5 | Identified the +1 glaive of Cuiteac {freeze, rElec rN+
                  | Str+4 Int+3}
 66604 | Vaults:5 | Identified Sif Muna's Catalogue of the Arsonist
 67371 | Elf:1    | Killed twoshot's ghost
 67395 | Elf:1    | Reached skill level 25 in Axes
 67856 | Vaults:2 | Bought a pair of embroidered boots for 322 gold pieces
 68274 | Zot:1    | Entered Level 1 of the Realm of Zot
 69030 | Zot:2    | Reached skill level 14 in Throwing
 69458 | Zot:2    | Gained Okrist as an ally
 69567 | Zot:2    | Reached skill level 24 in Armour
 70314 | Zot:3    | You fall into a shaft and drop 1 floor!
 70314 | Zot:4    | Found a shimmering blue altar of Sif Muna.
 70314 | Zot:4    | Found a transporter.
 70323 | Zot:4    | Noticed an orb of fire
 70330 | Zot:4    | Noticed an ancient lich
 70339 | Zot:4    | Killed an ancient lich
 70339 | Zot:4    | Reached skill level 16 in Dodging
 70340 | Zot:4    | Killed an orb of fire
 70340 | Zot:4    | Reached skill level 1 in Summonings
 70340 | Zot:4    | Reached skill level 1 in Necromancy
 70340 | Zot:4    | Reached skill level 1 in Earth Magic
 70344 | Zot:4    | Reached skill level 1 in Air Magic
 70353 | Zot:4    | Found a transporter.
 70369 | Zot:4    | Noticed an ancient lich
 70383 | Zot:4    | Killed an ancient lich
 70383 | Zot:4    | Reached skill level 1 in Spellcasting
 70383 | Zot:4    | Reached skill level 1 in Transmutations
 70440 | Zot:4    | Noticed an orb of fire
 70446 | Zot:4    | Killed an orb of fire
 70602 | Zot:4    | Got a slimy tin ring
 70604 | Zot:4    | Identified the ring "Labluofer" {rF+ Dex+6} (You found it
                  | on level 4 of the Realm of Zot)
 70652 | Zot:4    | Reached skill level 2 in Summonings
 70652 | Zot:4    | Reached skill level 2 in Necromancy
 70652 | Zot:4    | Reached skill level 2 in Earth Magic
 70720 | Zot:4    | Gained Boruk as an ally
 70790 | Zot:3    | Reached skill level 15 in Throwing
 70807 | Zot:3    | Reached skill level 2 in Air Magic
 70820 | Zot:3    | Gained Arbeogh as an ally
 70961 | Zot:3    | Reached skill level 2 in Transmutations
 71021 | Zot:3    | Reached skill level 2 in Spellcasting
 71040 | Zot:3    | Your ally Arbeogh died
 71311 | Zot:3    | Found a runed translucent door.
 71312 | Zot:3    | Found a shimmering altar of Xom.
 71312 | Zot:3    | Noticed LostGamesStreakFreak's ghost (legendary GrBe)
 71359 | Zot:3    | Killed LostGamesStreakFreak's ghost
 71359 | Zot:3    | Reached skill level 3 in Earth Magic
 71507 | Zot:3    | Reached skill level 3 in Summonings
 71651 | Zot:3    | Reached skill level 3 in Necromancy
 71817 | Zot:4    | Reached skill level 1 in Crossbows
 71817 | Zot:4    | Reached skill level 6 in Charms
 71826 | Zot:4    | Your ally Boruk died
 72360 | Zot:4    | Reached skill level 2 in Crossbows
 72448 | Zot:5    | Entered Level 5 of the Realm of Zot
 72522 | Zot:5    | Noticed an ancient lich
 72524 | Zot:5    | HP: 10/396 [Orb Guardian (11)]
 72525 | Zot:5    | Slain by an Orb Guardian

Levels and vault maps discovered:
D:1:      minmay_arrival_four_houses, layout_basic
D:2:      layout_loops_ring, nicolae_overflow_crystal_walls, first_ration,
          guppyfry_early_orc_mine
D:3:      layout_loops_cross, serial_bayou_ford_a, uniq_ijyb,
          uniq_crazy_yiuf_cottage, uniq_robin
D:4:      layout_basic, lemuel_crystal_altar, portal_sewer_entry_e, uniq_duvessa
D:5:      layout_basic, minmay_temple_entry_purple_smoke
D:6:      layout_rooms, lemuel_crystal_altar, grunt_ministairs_11,
          vehumet_altar_wand_db, uniq_blork_the_orc
D:7:      layout_basic, serial_co_window_serial, co_window_cross_1,
          co_window_paths_a, co_window_paths_a, co_window_corner_a,
          co_window_paths_a, co_window_broadway_c, co_window_paths_c,
          co_window_cross_2, glass_columns_b, glass_columns_a,
          chequers_serial_rivers_small_3, kennysheep_flooded_box, uniq_harold
D:8:      layout_gridville, gammafunk_temple_overflow_wave, dpeg_lair_monsters,
          hangedman_ranch [blue_anna_fruit_fields]
D:9:      layout_roguey, lemuel_round_altar, erik_orc_3, serial_shops, shop
D:10:     layout_roguey, serial_shops, shop
D:11:     layout_irregular_city, lightli_corner_chamber
D:12:     layout_long_grid, special_room [special_room_orc]
D:13:     layout_loops_ring, david_vaults_4, serial_shops, shop,
          patterned_corridor, uniq_josephine
D:14:     minmay_spiral_squares, layout_basic, hangedman_decor_clover_reticule,
          minmay_checkerbox
D:15:     gammafunk_enter_depths_forms, layout_irregular_city, serial_shops,
          nicolae_shop_crystal, ebering_ghost_funeral_grove
Lair:1:   layout_concentric_octagons, basic_altar,
          portal_ice_cave_entry_ice_beasts, enter_volcano_4
Lair:2:   layout_chaotic_city
Lair:3:   dragon1_lemuel, layout_loops_ring
Lair:4:   beast_lair_carwin_large_3, layout_cave_pods, shoals_dummy_entry,
          dummy_spider_entry, grunt_megastairs_4, uniq_urug
Lair:5:   layout_regular_city, nicolae_slime_entry_slimehenge,
          beast_lair_carwin_11
Lair:6:   hangedman_lair_caniforms_friends, layout_small_grid,
          guppyfry_lair_end_dragon
Shoals:1: layout_shoals, gammafunk_ghost_necromancy
Shoals:2: layout_shoals, abandoned_shop, uniq_louise
Shoals:3: cheibrodos_shoals_baths, layout_shoals, uniq_kirke
Shoals:4: shoals_end_grunt_ice, layout_shoals, shoal_ilsuiw,
          nicolae_shoals_dead_sea_scrolls
Spider:1: layout_spider_delve, nicolae_looking_at_the_future
Spider:2: cheibrodos_spider_deadly_dance, gammafunk_ghost_berserking_beasts,
          hive_lemuel
Spider:3: layout_spider_delve, uniq_nikola, uniq_roxanne
Spider:4: grunt_spider_rune_island, gammafunk_ghost_grave, uniq_arachne
Slime:1:  layout_caves
Slime:2:  layout_caves
Slime:3:  cheibrodos_slime_lost_civilization_10, layout_caves
Slime:4:  layout_caves, basic_altar, uniq_dissolution
Slime:5
Orc:1:    layout_caves
Orc:2:    st_orc_congregation, layout_caves, serial_shops, shop
Elf:1:    eino_elf_arrival_the_gate, layout_gridlike, ebering_ghost_gozag,
          minmay_elf_necromancy
Elf:2:    layout_onion_city
Elf:3:    minmay_elf_hall_spiked, layout_geoelf_octagon, uniq_donald
Vaults:1: nicolae_vaults_diagonal_hallway_6, v_rooms_3, v_misc_29,
          v_alt_pattern_2, hangedman_vaults_slice, grunt_vaults_funnel,
          st_squares, vaults_dpeg_diagonal, vaults_room_hallway,
          layout_vaults_omnibox
Vaults:2: nicolae_vaults_little_squares_6, v_misc_8,
          hangedman_vaults_corner_blocks, nicolae_vaults_little_squares_4,
          ontoclasm_vaults_chip, layout_vaults_omnigrid, dummy_crypt_entry,
          serial_shops, nicolae_shop_window_shopping
Vaults:3: grunt_vaults_trifunnel, vaults_dpeg_hooks, v_misc_26,
          nicolae_vaults_branching_niches, hangedman_vaults_stitches, v_misc_4,
          nicolae_vaults_little_squares_3, vaults_room_stairs_pillars,
          layout_vaults_big_cross, enter_trove_2, basic_altar, uniq_jory,
          uniq_bai_suzhen
Vaults:4: ontoclasm_vaults_ring_large, nicolae_vaults_disjoint_gnomons,
          grunt_vaults_swirl, vaults_standard_mumra_lines, v_pattern_1,
          special_room_vaults [special_room_orc], v_misc_19,
          ontoclasm_vaults_eye, vaults_standard_mumra_x,
          vaults_mumra_chevron_long, nicolae_vaults_specimen_jars,
          ontoclasm_vaults_ligature, layout_vaults_maze_bifur, serial_shops,
          shop
Vaults:5
Crypt:1:  layout_rooms, hangedman_blasphemy, grunt_crypt_arrival_split
Crypt:2:  layout_chaotic_city, st_stairs_7, serial_sigils_hangedman_carve,
          weyrava_vampire_temple
Crypt:3:  church_of_pain_bobbens, layout_chaotic_city,
          nicolae_tomb_entry_unfolded_pyramid_orthogonal, minivault_26
Depths:1: layout_cave_pools, corexii_leaking_fountain, hell_entry, serial_shops,
          nicolae_shop_stone, laboratory, uniq_aizul, uniq_mara
Depths:2: gammafunk_dig_for_victory, layout_basic, special_room
          [special_room_morgue], pan_entry, grunt_hell_entry_dis_old,
          serial_shops, shop_fountains, serial_bayou, serial_bayou_pond_d,
          serial_bayou_lagoon_a, serial_bayou_crossing, serial_bayou_pond_c,
          serial_bayou_lagoon_b, serial_bayou_shore_b, minmay_tree_intersection,
          serial_bayou_shore_b
Depths:3: minmay_the_grid_octo_tiled_octocenter
          [minmay_the_grid_octo_concentric, minmay_the_grid_octo_shrine,
          minmay_the_grid_octo_checkered, minmay_the_grid_octo_toaster,
          minmay_the_grid_octo_prize_single_spiral,
          minmay_the_grid_square_5x5_inverted_slash,
          minmay_the_grid_square_5x5_forky,
          minmay_the_grid_square_5x5_doubleslash,
          minmay_the_grid_square_5x5_beaten_path], layout_cave_shapes,
          enter_ziggurat_a, hellmouth_1, abyss_entry, serial_shops,
          bzr_entry_dummy, special_room [special_room_mythical_zoo], pan_entry
Depths:4: evilmike_makhleb_hellhole, layout_cave_pools, hell_entry, abyss_entry,
          lemuel_freeze_loot_1, minmay_staircase_windowed_small
Depths:5: hangedman_slaughterboxes, hell_entry, uniq_saint_roka
Zot:1:    layout_misc_corridors
Zot:2:    layout_onion, grunt_ministairs_4, st_single_dragon_hoard_2,
          skrybe_zot_glass_1, grunt_megastairs_3
Zot:3:    layout_cathedral_of_symmetry, ebering_ghost_xom
Zot:4:    gammafunk_sealed_library, layout_misc_corridors
Zot:5:    layout_basic

Skill      XL: |  1  2  3  4  5  6  7  8  9 10 11 12 13 14 15 16 17 18 19 20 21 22 23 24 25 26 27 |
---------------+----------------------------------------------------------------------------------+-----
Axes           | 5 6 7 8 10 11 12 13 14 15 16 17 18 19 20 21 22 23 25 | 25.7
Fighting       | 4 6 8 10 12 13 14 15 16 17 18 19 20 21 22 24 | 24.9
Armour         | 1 4 6 9 10 11 12 13 14 15 16 17 18 19 20 21 22 24 | 24.3
Invocations    | 4 7 10 11 13 14 15 17 18 19 20 21 22 24 | 24.9
Evocations     | 3 5 7 9 10 11 12 13 14 15 | 15.0
Dodging        | 3 6 7 9 10 11 12 13 16 | 16.2
Translocations | 3 5 6 7 8 |  8.6
Throwing       | 3 5 6 8 9 10 15 | 15.3
Charms         | 2 4 5 6 |  6.0
Summonings     | 3 |  3.6
Necromancy     | 3 |  3.5
Earth Magic    | 3 |  3.0
Air Magic      | 2 |  2.9
Spellcasting   | 2 |  2.8
Transmutations | 2 |  2.7
Crossbows      | 2 |  2.4
Stealth        | |  1.5

Action                   |  1- 3 |  4- 6 |  7- 9 | 10-12 | 13-15 | 16-18 | 19-21 | 22-24 | 25-27 || total
-------------------------+-------+-------+-------+-------+-------+-------+-------+-------+-------++-------
Melee: Hand axe          |   148 |    39 |       |       |       |       |       |       |       ||   187
       War axe           |       |   128 |   270 |       |       |       |       |       |       ||   398
       Battleaxe         |       |       |    46 |   540 |  1082 |  1103 |   967 |  1545 |  2598 ||  7881
       Falchion          |       |       |       |    12 |       |       |       |       |       ||    12
       Executioner's axe |       |       |       |       |       |       |       |       |     1 ||     1
Throw: Dart              |       |     1 |     4 |    14 |     5 |     8 |     1 |       |       ||    33
       Boomerang         |       |       |       |       |       |       |     4 |     6 |    15 ||    25
       Javelin           |       |       |       |       |       |       |       |       |    19 ||    19
 Cast: Blink             |       |       |       |       |       |       |       |     1 |     2 ||     3
Invok: Convert to Beogh  |       |       |       |     1 |       |       |       |       |       ||     1
       Smiting           |       |       |       |       |     8 |    12 |    27 |     3 |    19 ||    69
       Resurrection      |       |       |       |       |       |       |       |       |     1 ||     1
 Abil: Stop Flying       |       |       |       |       |       |       |       |       |     1 ||     1
Evoke: Wand              |       |       |    10 |     1 |     4 |     5 |     1 |       |     6 ||    27
       Lightning rod     |       |       |       |       |       |       |       |     4 |       ||     4
       Lamp of fire      |       |       |       |       |       |       |       |       |     1 ||     1
  Use: Scroll            |       |     5 |     3 |    13 |    10 |     6 |     9 |     9 |    36 ||    91
       Potion            |       |     2 |       |     1 |     3 |     3 |     9 |     2 |     8 ||    28
 Stab: Sleeping          |     1 |       |       |       |       |       |       |       |       ||     1
       Paralysed         |       |       |       |       |     4 |     2 |     1 |       |       ||     7
       Distracted        |       |       |       |       |     2 |     1 |     4 |    10 |     7 ||    24
       Invisible         |       |       |       |       |       |     9 |    10 |       |       ||    19
       Held in net/web   |       |       |       |       |       |       |     1 |       |       ||     1
       Confused          |       |       |       |       |       |       |       |       |     1 ||     1
  Eat: Chunk             |     2 |     7 |     9 |    13 |    33 |    29 |    26 |    28 |    27 ||   174
       Ration            |       |       |     1 |     2 |     1 |     1 |     1 |     3 |    10 ||    19
Armor: Ring mail         |    55 |    15 |       |       |       |       |       |       |       ||    70
       Chain mail        |       |    70 |   152 |       |   622 |   524 |       |       |       ||  1368
       Plate armour      |       |       |    41 |   367 |       |       |       |       |       ||   408
       Scale mail        |       |       |       |    25 |   120 |    28 |   681 |   121 |       ||   975
       Crystal plate arm |       |       |       |       |       |       |       |   669 |  1945 ||  2614
Dodge: Dodged            |    82 |    49 |   101 |   216 |   435 |   360 |   961 |   819 |  1861 ||  4884

Table legend:
 A = Non-vault XP
 B = Vault XP
 C = Vault XP percentage of total XP
 D = Non-vault monster count
 E = Vault monster count
 F = Vault count percentage of total count
                 A         B        C        D         E       F
            +---------+---------+-------+---------+---------+-------
      Total |  921581 |  947122 |  50.7 |    1681 |    1208 |  41.8
            +---------+---------+-------+---------+---------+-------
        D:1 |      31 |       0 |   0.0 |      21 |       0 |   0.0
        D:2 |     105 |      16 |  13.2 |      21 |       7 |  25.0
        D:3 |     170 |     114 |  40.1 |      13 |      13 |  50.0
        D:4 |      95 |     269 |  73.9 |       4 |      10 |  71.4
        D:5 |     660 |       0 |   0.0 |      22 |       0 |   0.0
        D:6 |     391 |     243 |  38.3 |       9 |       7 |  43.8
        D:7 |     935 |    2710 |  74.3 |      15 |       3 |  16.7
        D:8 |    1974 |    3180 |  61.7 |      26 |      17 |  39.5
        D:9 |     366 |     407 |  52.7 |      13 |      18 |  58.1
       D:10 |     446 |       0 |   0.0 |       9 |       0 |   0.0
       D:11 |    4045 |       0 |   0.0 |      26 |       0 |   0.0
       D:12 |    4271 |     598 |  12.3 |      25 |       8 |  24.2
       D:13 |    7981 |    3801 |  32.3 |      31 |       7 |  18.4
       D:14 |   15170 |   17916 |  54.1 |      36 |      48 |  57.1
       D:15 |   16338 |   13942 |  46.0 |      47 |      15 |  24.2
     Lair:1 |    3192 |    1038 |  24.5 |      15 |       8 |  34.8
     Lair:2 |    4777 |       0 |   0.0 |      18 |       0 |   0.0
     Lair:3 |    4306 |    1076 |  20.0 |      16 |       1 |   5.9
     Lair:4 |    5676 |    5889 |  50.9 |      25 |      15 |  37.5
     Lair:5 |    4355 |    1225 |  22.0 |      17 |       9 |  34.6
     Lair:6 |   13784 |   14773 |  51.7 |      51 |      71 |  58.2
   Shoals:1 |   10426 |    4697 |  31.1 |      20 |      12 |  37.5
   Shoals:2 |   15158 |    1378 |   8.3 |      31 |       1 |   3.1
   Shoals:3 |    9459 |    9224 |  49.4 |      20 |      15 |  42.9
   Shoals:4 |   17635 |   24646 |  58.3 |      38 |      33 |  46.5
   Spider:1 |    5175 |    1913 |  27.0 |      19 |      15 |  44.1
   Spider:2 |   13230 |   22727 |  63.2 |      35 |      48 |  57.8
   Spider:3 |   24810 |    5702 |  18.7 |      60 |       4 |   6.2
   Spider:4 |   19959 |   25448 |  56.0 |      50 |      40 |  44.4
    Slime:1 |   12055 |       0 |   0.0 |      22 |       0 |   0.0
    Slime:2 |   24683 |       0 |   0.0 |      41 |       0 |   0.0
    Slime:3 |   16042 |       0 |   0.0 |      31 |       0 |   0.0
    Slime:4 |    7727 |    4009 |  34.2 |      21 |       2 |   8.7
    Slime:5 |   21763 |   29214 |  57.3 |      33 |      13 |  28.3
      Orc:1 |    7592 |       0 |   0.0 |      30 |       0 |   0.0
      Orc:2 |    1311 |    5399 |  80.5 |      16 |      28 |  63.6
      Elf:1 |   13070 |   14794 |  53.1 |      24 |      19 |  44.2
      Elf:2 |   18214 |   24753 |  57.6 |      29 |      31 |  51.7
      Elf:3 |   22731 |   45139 |  66.5 |      34 |      32 |  48.5
   Vaults:1 |   20788 |   16620 |  44.4 |      48 |      31 |  39.2
   Vaults:2 |   32199 |    1652 |   4.9 |      55 |       3 |   5.2
   Vaults:3 |   34110 |   27551 |  44.7 |      61 |      33 |  35.1
   Vaults:4 |   23903 |   62270 |  72.3 |      40 |      70 |  63.6
   Vaults:5 |   20400 |  107715 |  84.1 |      28 |      78 |  73.6
    Crypt:1 |   23193 |   10676 |  31.5 |      47 |      11 |  19.0
    Crypt:2 |   17688 |    5868 |  24.9 |      33 |       8 |  19.5
    Crypt:3 |   31499 |   45527 |  59.1 |      45 |      87 |  65.9
   Depths:1 |   39766 |    5161 |  11.5 |      54 |      14 |  20.6
   Depths:2 |   38231 |   64049 |  62.6 |      47 |      40 |  46.0
   Depths:3 |   48419 |   54640 |  53.0 |      45 |      48 |  51.6
   Depths:4 |   52560 |   24574 |  31.9 |      47 |      35 |  42.7
   Depths:5 |    1935 |  134052 |  98.6 |       2 |      98 |  98.0
      Zot:1 |   20999 |       0 |   0.0 |      13 |       0 |   0.0
      Zot:2 |   54038 |   11656 |  17.7 |      31 |       5 |  13.9
      Zot:3 |   58697 |    7289 |  11.0 |      36 |       2 |   5.3
      Zot:4 |   47988 |   53500 |  52.7 |      33 |      15 |  31.2
      Zot:5 |    5060 |    5262 |  51.0 |       2 |       2 |  50.0
      IceCv |       0 |   14616 | 100.0 |       0 |      53 | 100.0
    Volcano |       0 |    8204 | 100.0 |       0 |      25 | 100.0
            +---------+---------+-------+---------+---------+-------
